Map: Catalyst LE

Players

TRUE

  • Race: Zerg Zerg
  • Spawn Location: 5:00

MaNa - Winner!

  • Race: Protoss Protoss
  • Spawn Location: 11:00

Event: WCS Austin 2018

VOD

Have the link to the VOD?

Description

Time

  • Played on: June 1, 2018, 10:33 p.m.
  • Length: 11:40

All games in this series

Show
View Real Time Build Order
Export as new Build Order

TRUE Zerg 

Build Orders: Hatch First 

Get SALT Encoding   

  12  0:00  Drone  
  13  0:12  Overlord  
  13  0:16  Drone  
  14  0:31  Drone  
  15  0:45  Hatchery  
  15  0:48  Drone  
  15  0:54  Drone  
  16  1:02  Drone  
  17  1:05  Drone  
  17  1:09  Extractor  
  17  1:16  Spawning Pool  
  16  1:20  Drone  
  16  1:24  Drone  
  18  1:32  Drone  
  19  1:42  Drone  
  20  1:58  Drone  
  20  2:00  Hatchery  
  20  2:06  Drone  
  21  2:10  Metabolic Boost  
  21  2:16  Queen  
  21  2:20  Drone  
  24  2:23  Drone  
  24  2:28  Overlord  
  25  2:35  Zergling x2  
  26  2:38  Queen  
  28  2:47  Zergling x2  
  28  2:48  Zergling x4  
  28  2:49  Zergling x2  
  28  2:50  Zergling x2  
  33  2:54  Zergling x2  
  34  3:01  Spore Crawler  
  34  3:03  Spore Crawler  
  34  3:04  Drone  
  32  3:07  Drone  
  32  3:11  Overlord  
  32  3:12  Drone x2  
  37  3:22  Drone  
  37  3:26  Queen  
  40  3:27  Overlord  
  40  3:29  Drone  
  40  3:31  Drone  
  40  3:34  Drone x2  
  44  3:39  Queen  
  46  3:42  Drone  
  46  3:48  Spore Crawler  
  46  3:50  Overlord  
  46  3:53  Queen  
  48  4:00  Spore Crawler  
  48  4:01  Drone x2  
  49  4:04  Overlord  
  49  4:10  Drone  
  49  4:11  Drone x3  
  49  4:12  Drone  
  49  4:14  Drone  
  55  4:20  Spore Crawler  
  55  4:22  Spore Crawler  
  55  4:23  Spore Crawler  
  52  4:26  Drone  
  52  4:27  Drone x4  
  52  4:28  Drone  
  52  4:29  Drone  
  52  4:30  Drone  
  63  4:35  Drone x2  
  63  4:38  Drone x2  
  64  4:43  Lair  
  65  4:45  Drone  
  65  4:48  Overlord  
  65  4:51  Overlord  
  65  4:55  Overlord  
  65  5:00  Drone, Roach Warren  
  65  5:01  Extractor  
  65  5:02  Drone  
  65  5:05  Evolution Chamber, Drone  
  65  5:06  Overlord, Drone  
  66  5:09  Drone  
  66  5:11  Drone x2  
  66  5:12  Drone  
  66  5:13  Drone  
  71  5:18  Drone  
  71  5:19  Drone x3  
  75  5:25  Drone  
  75  5:26  Overlord, Queen  
  75  5:27  Extractor  
  77  5:30  Zerg Missile Weapons Level 1  
  76  5:43  Zergling x16  
  76  5:47  Spore Crawler  
  76  5:49  Queen  
  81  5:53  Queen  
  81  5:54  Spore Crawler  
  82  5:59  Zergling x16  
  88  6:09  Spire  
  88  6:10  Extractor  
  82  6:13  Drone x2  
  82  6:15  Drone x4  
  82  6:17  Drone x2  
  88  6:19  Drone  
  88  6:25  Drone x3  
  88  6:28  Overlord, Drone x2  
  88  6:31  Drone  
  87  6:34  Extractor x2  
  87  6:35  Drone  
  83  6:40  Overlord  
  83  6:42  Spore Crawler  
  83  6:43  Queen  
  80  6:49  Overlord  
  80  6:50  Spore Crawler  
  80  6:52  Overlord  
  74  6:54  Overlord  
  74  6:55  Overlord x2  
  74  6:58  Queen  
  73  7:07  Drone x3  
  76  7:09  Drone  
  76  7:10  Hatchery, Drone x2  
  76  7:13  Overlord x2  
  78  7:21  Drone x3  
  74  7:26  Corruptor  
  74  7:27  Corruptor x2  
  79  7:31  Corruptor  
  79  7:36  Corruptor  
  81  7:38  Corruptor  
  81  7:42  Corruptor  
  82  7:46  Corruptor  
  82  7:49  Corruptor  
  86  7:54  Corruptor  
  86  7:57  Overlord  
  88  8:00  Corruptor  
  90  8:05  Overlord  
  89  8:18  Corruptor x3  
  89  8:19  Corruptor  
  89  8:28  Corruptor x2  
  89  8:32  Zergling x12  
  100  8:34  Drone  
  100  8:37  Drone x2  
  102  8:47  Drone  
  103  8:54  Zerg Flyer Weapons Level 1  
  102  8:57  Drone  
  102  8:58  Drone x9  
  110  9:08  Drone  
  110  9:09  Overlord  
  111  9:10  Overlord x2  
  111  9:14  Overlord  
  111  9:21  Drone  
  111  9:22  Overlord, Spore Crawler  
  111  9:24  Overlord  
  111  9:29  Hatchery  
  111  9:31  Drone, Corruptor x2  
  111  9:32  Corruptor  
  111  9:36  Corruptor  
  119  9:39  Corruptor  
  119  9:42  Corruptor  
  123  9:47  Corruptor  
  123  9:48  Corruptor  
  127  9:58  Corruptor  
  131  10:00  Drone x2  
  134  10:07  Corruptor  
  134  10:11  Glial Reconstitution  
  134  10:13  Roach  
  138  10:15  Roach  
  138  10:16  Roach  
  138  10:21  Spine Crawler  
  137  10:22  Roach x3  
  137  10:24  Roach  
  137  10:25  Roach x2  
  137  10:27  Roach x4  
  137  10:28  Roach x3  
  150  10:35  Spine Crawler x2  
  150  10:36  Roach  
  150  10:39  Roach  
  150  10:40  Roach  
  132  10:45  Roach x2  
  132  10:48  Roach  
  123  10:54  Roach  
  123  10:55  Roach  
  117  11:00  Roach  
  117  11:02  Roach  
  112  11:09  Roach  
  75  11:19  Roach  
Show
View Real Time Build Order
Export as new Build Order

MaNa Protoss - Winner!

Build Orders: 1 Gate Expand, Oracle Opening, Phoenix Opening, Mass Phoenix 

Get SALT Encoding   

  12  0:00  Probe  
  13  0:12  Probe  
  14  0:17  Pylon  
  14  0:24  Probe  
  15  0:32  Probe  
  15  0:38  Assimilator  
  15  0:40  Probe  
  16  0:48  Gateway  
  17  0:50  Probe  
  18  0:58  Probe  
  19  1:06  Probe  
  20  1:26  Nexus  
  20  1:37  Cybernetics Core  
  20  1:40  Probe  
  20  1:47  Assimilator  
  21  1:52  Probe  
  22  1:57  Pylon  
  22  2:04  Probe  
  22  2:06  Adept  
  25  2:16  Probe  
  25  2:21  Stargate  
  26  2:25  Adept, Warp Gate  
  26  2:28  Probe  
  29  2:39  Probe  
  29  2:40  Probe  
  31  2:49  Adept  
  31  2:51  Probe  
  32  2:53  Probe  
  35  3:01  Phoenix  
  35  3:03  Probe  
  36  3:08  Probe  
  39  3:15  Probe, Pylon  
  39  3:18  Oracle  
  40  3:20  Probe  
  44  3:30  Probe  
  44  3:32  Probe  
  46  3:34  Gateway  
  46  3:37  Assimilator  
  46  3:40  Assimilator  
  46  3:42  Probe  
  46  3:44  Probe  
  48  3:53  Stargate  
  48  3:55  Probe  
  49  3:56  Probe  
  50  4:04  Phoenix  
  50  4:06  Pylon  
  50  4:07  Probe  
  50  4:09  Probe  
  56  4:24  Probe x2  
  56  4:31  Phoenix  
  56  4:33  Phoenix  
  56  4:36  Probe x2  
  62  4:38  Pylon  
  62  4:50  Pylon  
  62  4:51  Phoenix  
  59  4:52  Phoenix  
  63  5:00  Zealot x2  
  67  5:09  Phoenix  
  67  5:13  Pylon  
  67  5:16  Phoenix  
  67  5:21  Nexus  
  71  5:33  Phoenix, Sentry  
  75  5:35  Zealot  
  75  5:41  Phoenix  
  79  5:48  Probe  
  80  5:58  Phoenix  
  80  5:59  Probe  
  81  6:04  Zealot x2  
  81  6:06  Probe  
  81  6:10  Shield Battery  
  86  6:12  Phoenix  
  84  6:26  Zealot x2  
  84  6:27  Probe x2  
  84  6:33  Phoenix  
  84  6:36  Probe  
  84  6:37  Phoenix  
  84  6:39  Probe  
  88  6:41  Shield Battery  
  88  6:44  Zealot x2  
  88  6:46  Probe  
  93  6:47  Shield Battery  
  93  6:50  Probe  
  92  6:57  Shield Battery  
  92  6:59  Probe x2  
  88  7:01  Zealot x2  
  88  7:02  Probe  
  88  7:04  Phoenix x2  
  93  7:11  Probe x2  
  93  7:14  Probe  
  94  7:23  Probe  
  94  7:24  Forge  
  94  7:25  Twilight Council  
  95  7:32  Phoenix  
  95  7:35  Zealot  
  95  7:36  Probe x2  
  101  7:37  Robotics Facility  
  101  7:51  Assimilator, Protoss Ground Weapons Level 1, Pylon  
  101  7:52  Charge, Pylon  
  101  7:54  Pylon  
  101  7:55  Assimilator  
  101  7:56  Pylon  
  101  7:58  Protoss Air Weapons Level 1  
  101  8:03  Templar Archives  
  101  8:07  Photon Cannon  
  101  8:08  Photon Cannon  
  101  8:15  Probe  
  98  8:24  Phoenix  
  95  8:27  Phoenix  
  95  8:28  Probe  
  95  8:32  Zealot x2  
  103  8:38  Gateway  
  103  8:40  Gateway  
  101  8:41  Warp Prism  
  101  8:44  Gateway  
  101  8:47  Gateway  
  103  8:54  High Templar x2  
  107  9:01  Archon  
  105  9:18  Gateway  
  105  9:19  Gateway  
  105  9:22  Gateway, Photon Cannon  
  105  9:26  Photon Cannon  
  105  9:27  High Templar x2  
  109  9:31  Pylon  
  109  9:32  Archon  
  109  9:33  Pylon  
  109  9:47  Photon Cannon  
  109  9:50  High Templar x4  
  117  9:55  Archon x2  
  117  10:12  Nexus  
  117  10:15  High Templar x3  
  117  10:16  High Templar  
  117  10:20  Archon x2  
  125  10:24  Zealot x3  
  131  10:31  Zealot x2  
  133  10:47  Zealot x5  
  133  10:48  Zealot x2  
  147  10:59  Pylon  
  147  11:00  Pylon  
  147  11:02  Pylon  
  147  11:03  Pylon  
  131  11:19  Zealot x2  
  131  11:20  Zealot x4  
  131  11:35  Zealot, High Templar x2  
Tags
 
Add a new tag
Caveats
  • Supply blocks, unpowered buildings, or Contaminate may cause inaccurate times.
  • Supply counts are checked every 10 seconds.